Gangsters vs Senators
Created - 3 février 2016 at 23:57
Goals
|
| Gangsters |
1 |
0 |
0 |
1 |
| Senators |
4 |
3 |
3 |
10 |
|
Shots
|
| Gangsters |
15 |
9 |
7 |
31 |
| Senators |
10 |
17 |
11 |
38 |
|
1st period
1. Gangsters , Richard Panik 9 (Ryan Johansen, Michael Sdao) at 0:52
2. Senators , Stanislav Chistov 27 (Milan Jurcina) at 1:42 (PP)
3. Senators , Vernon Fiddler 18 (Stanislav Chistov, Sergei Kostitsyn) at 10:02
4. Senators , Stanislav Chistov 28 (Sergei Kostitsyn, Vernon Fiddler) at 13:08 (PP)
5. Senators , Steven Goertzen 23 (Erik Karlsson, Milan Jurcina) at 13:44
Penalties :
Devante Smith-Pelly (Bro) for Hooking (Minor) at 1:14, Artem Anisimov (Bro) for Unsportsmanlike conduct (Minor) at 5:31, Colten Teubert (Bro) for Holding (Minor) at 12:55, Nick Bjugstad (BIN) for Slashing (Minor) at 16:36
2nd period
6. Senators , Stanislav Chistov 29 (Vernon Fiddler, Sergei Kostitsyn) at 2:41 (PP)
7. Senators , Jaden Schwartz 12 (Cody Hodgson, Martin Marincin) at 3:40
8. Senators , Jaden Schwartz 13 (Steven Goertzen) at 19:10
Penalties :
Luke Gazdic (Bro) for High sticking (Minor) at 2:33, Patrick Wey (BIN) for Fighting (Major) at 11:59, Matt Delahey (Bro) for Fighting (Major) at 11:59, Luke Gazdic (Bro) for Cross-checking (Minor) at 12:43
3rd period
9. Senators , Vernon Fiddler 19 (Sergei Kostitsyn, Stanislav Chistov) at 0:23
10. Senators , Cody Hodgson 21 (Shane Sims) at 6:58
11. Senators , Steven Goertzen 24 (Erik Karlsson, Cody Hodgson) at 16:58 (PP)
Penalties :
Milan Jurcina (BIN) for Tripping (Minor) at 1:20, Vernon Fiddler (BIN) for Slashing (Minor) at 12:45, Phil McRae (Bro) for Holding (Minor) at 15:42, Matt Delahey (Bro) for Roughing (Minor) at 17:29
Goalie Stats
Brad Thiessen (Bro), 17 saves from 22 shots - (0,773), 33:14 minutes
Dustin Tokarski (Bro), 11 saves from 16 shots - (0,688), L, 17-17-4, 26:46 minutes
Alexander Salak (BIN), 30 saves from 31 shots - (0,968), W, 6-2-1, 60:00 minutes
Players Stats for Gangsters
Player Name G A P +/- PIM S H SB GA TA FO MP PP MP PK MP
------------------------------------------------------------------------------------
Alexandre Bolduc 0 0 0 -2 0 4 2 0 1 1 18/44 27:01 3:00 4:55
Artem Anisimov 0 0 0 -3 2 5 3 0 1 0 7/17 17:39 2:57 1:26
Ben Holmstrom 0 0 0 0 0 0 0 0 0 0 0/0 2:07 0:26 0:00
Brett Ponich 0 0 0 0 0 1 1 1 0 0 0/0 11:41 0:00 1:38
Colten Teubert 0 0 0 -4 2 1 1 2 0 1 0/0 30:19 3:10 4:30
Curtis McKenzie 0 0 0 0 0 1 2 4 0 0 0/2 12:42 0:00 0:48
Dave Dziurzynski 0 0 0 -2 0 1 1 0 0 0 0/1 17:48 2:49 0:00
Devante Smith-Pelly 0 0 0 0 2 1 1 0 0 0 0/0 5:26 0:00 0:00
Gabriel Dumont 0 0 0 0 0 0 0 0 0 0 0/0 1:28 0:00 1:28
Gustav Nyquist 0 0 0 -2 0 2 0 0 1 0 1/1 23:04 2:42 5:05
Luke Gazdic 0 0 0 -3 4 3 1 0 0 1 1/1 16:16 2:54 0:00
Matt Delahey 0 0 0 -1 7 1 2 1 0 0 0/0 16:51 2:41 1:38
Maxime Sauvé 0 0 0 0 0 0 0 0 0 0 0/1 5:30 0:00 0:03
Michael Sdao 0 1 1 -1 0 0 0 1 0 0 0/0 19:31 2:41 3:19
Mikko Lehtonen 0 0 0 -3 0 1 4 2 0 0 0/0 16:05 2:57 0:00
Morgan Ellis 0 0 0 0 0 0 0 0 0 0 0/0 4:06 0:00 0:16
Patrik Nemeth 0 0 0 0 0 0 0 2 0 0 0/0 11:12 0:23 0:00
Phil McRae 0 0 0 0 2 0 0 0 0 0 0/0 0:25 0:06 0:00
Richard Panik 1 0 1 0 0 4 0 0 0 0 0/1 11:54 0:00 0:00
Ryan Johansen 0 1 1 0 0 5 1 0 2 2 3/6 14:22 0:00 2:19
Shaun Heska 0 0 0 -4 0 1 0 1 1 1 0/0 26:23 2:59 4:43
Players Stats for Senators
Player Name G A P +/- PIM S H SB GA TA FO MP PP MP PK MP
------------------------------------------------------------------------------------
Brett Sterling 0 0 0 -1 0 3 1 0 1 0 0/0 13:42 3:09 1:36
Cody Hodgson 1 2 3 4 0 3 1 0 0 0 9/14 18:14 3:09 1:21
Dylan Hunter 0 0 0 0 0 0 1 0 0 0 0/0 7:06 0:00 0:15
Erik Karlsson 0 2 2 2 0 1 2 3 2 1 0/0 28:49 5:45 3:08
Jack Skille 0 0 0 -1 0 0 1 1 0 0 0/0 8:47 0:00 0:00
Jaden Schwartz 2 0 2 4 0 3 0 1 0 0 0/0 13:22 0:00 0:00
Logan Stephenson 0 0 0 1 0 1 2 2 0 0 0/0 19:15 2:17 2:24
Mark Olver 0 0 0 0 0 0 1 0 1 0 2/2 6:39 0:00 0:00
Martin Marincin 0 1 1 2 0 0 0 1 0 1 0/0 12:47 0:00 1:34
Matt Frattin 0 0 0 0 0 3 2 0 1 0 0/1 8:48 0:00 1:47
Milan Jurcina 0 2 2 2 2 3 1 0 0 2 0/0 29:26 5:45 1:59
Nick Bjugstad 0 0 0 -1 2 0 1 0 0 0 3/5 9:59 0:00 1:13
Patrick Wey 0 0 0 2 5 0 1 2 0 0 0/0 10:51 0:00 0:46
Sergei Kostitsyn 0 4 4 2 0 7 0 0 1 0 2/2 22:14 4:53 0:52
Shane Sims 0 1 1 1 0 0 2 1 0 0 0/0 19:12 2:17 2:03
Stanislav Chistov 3 2 5 2 0 5 2 0 0 0 1/2 24:43 4:53 2:59
Steven Goertzen 2 1 3 4 0 3 3 2 0 2 0/0 16:41 3:09 0:00
Vernon Fiddler 2 2 4 2 2 6 1 0 0 0 27/48 23:24 4:53 1:51
3 Stars
1 - Stanislav Chistov (BIN)
2 - Steven Goertzen (BIN)
3 - Vernon Fiddler (BIN)
Power Play
Gangsters - 0 on 3 Attempt(s) - 0,00%
Senators - 4 on 7 Attempt(s) - 57,14%
Penalty Kill
Gangsters - 3 on 7 Attempt(s) - 42,86%
- Score 0 goal in Penalty Kill
Senators - 3 on 3 Attempt(s) - 100,00%
- Score 0 goal in Penalty Kill
Team Stat
Gangsters - Hits : 19 - Faceoff Wins : 30 - Blocked Shots : 14 - Penalty Minutes : 19
Senators - Hits : 22 - Faceoff Wins : 44 - Blocked Shots : 13 - Penalty Minutes : 11
Official
Referees : Hasenfratz Mike and Marouelli Dan
Linesman : Shane Heyer and Brian Mach
Game Notes
Brad Thiessen enters game at 13:44 of 1st period
Stanislav Chistov has scored a Hat Trick!
Patrick Wey and Matt Delahey fight to a draw at 11:59 of 2nd period
Dustin Tokarski enters game at 6:58 of 3rd period
Finance
Level 1 -- Attendance: 1607 (80,35%) -- Ticket Income 48 210 $
Level 2 -- Attendance: 812 (81,20%) -- Ticket Income 8 120 $
Total Attendance: 2419 (80,63%)
Total Ticket Income: 56 330 $
Other Income: 2 816 $
Total Income: 59 146 $
Gangsters
5 vs 5 Forward
Center Left Wing Right Wing Time % Phy DF OF
1 Alexandre Bolduc Dave Dziurzynski Gustav Nyquist 40 1 2 2
2 Artem Anisimov Luke Gazdic Mikko Lehtonen 30 1 2 2
3 Ryan Johansen Curtis McKenzie Richard Panik 20 1 2 2
4 Maxime Sauvé Alexandre Bolduc Devante Smith-Pelly 10 1 2 2
5 vs 5 Defense
Defense Defense Time % Phy DF OF
1 Colten Teubert Shaun Heska 40 1 2 2
2 Matt Delahey Michael Sdao 30 1 2 2
3 Patrik Nemeth Brett Ponich 20 1 2 2
4 Morgan Ellis Colten Teubert 10 1 2 2
PowerPlay Forward
Center Left Wing Right Wing Time % Phy DF OF
1 Alexandre Bolduc Dave Dziurzynski Gustav Nyquist 60 1 2 2
2 Artem Anisimov Luke Gazdic Mikko Lehtonen 40 1 2 2
PowerPlay Defense
Defense Defense Time % Phy DF OF
1 Colten Teubert Shaun Heska 60 1 2 2
2 Matt Delahey Michael Sdao 40 1 2 2
Penalty Kill 4 Players Forward
Center Wing Time % Phy DF OF
1 Alexandre Bolduc Gustav Nyquist 60 1 2 2
2 Artem Anisimov Ryan Johansen 40 1 2 2
Penalty Kill 4 Players Defense
Defense Defense Time % Phy DF OF
1 Colten Teubert Shaun Heska 60 1 2 2
2 Matt Delahey Michael Sdao 40 1 2 2
Penalty Kill - 3 Players Forward
Forward Time % Phy DF OF
1 Alexandre Bolduc 60 1 2 2
2 Gustav Nyquist 40 1 2 2
Penalty Kill - 3 Players Defense
Defense Defense Time % Phy DF OF
1 Colten Teubert Shaun Heska 60 1 2 2
2 Matt Delahey Michael Sdao 40 1 2 2
4 vs 4 Forward
Center Wing Time % Phy DF OF
1 Alexandre Bolduc Gustav Nyquist 60 1 2 2
2 Artem Anisimov Ryan Johansen 40 1 2 2
4 vs 4 Defense
Defense Defense Time % Phy DF OF
1 Colten Teubert Shaun Heska 60 1 2 2
2 Matt Delahey Michael Sdao 40 1 2 2
Last Minutes Offensive
Center Left Wing Right Wing Defense Defense
Alexandre Bolduc Dave Dziurzynski Gustav Nyquist Colten Teubert Shaun Heska
Last Minutes Defensive
Center Left Wing Right Wing Defense Defense
Alexandre Bolduc Dave Dziurzynski Gustav Nyquist Colten Teubert Shaun Heska
Goaltenders
Starting : Dustin Tokarski
Backup : Brad Thiessen
Extra Forwards
Normal : Ben Holmstrom, Phil McRae, Gabriel Dumont - PP : Ben Holmstrom, Phil McRae - PK : Gabriel Dumont
Extra Defensemen
Normal : Patrik Nemeth, Brett Ponich, Morgan Ellis - PP : Patrik Nemeth - PK : Brett Ponich, Morgan Ellis
Penalty Shots
Alexandre Bolduc, Gustav Nyquist, Artem Anisimov, Ryan Johansen, Mikko Lehtonen
Senators
5 vs 5 Forward
Center Left Wing Right Wing Time % Phy DF OF
1 Vernon Fiddler Sergei Kostitsyn Stanislav Chistov 40 1 2 2
2 Cody Hodgson Jaden Schwartz Steven Goertzen 30 1 2 2
3 Nick Bjugstad Brett Sterling Jack Skille 20 1 2 2
4 Mark Olver Dylan Hunter Matt Frattin 10 1 2 2
5 vs 5 Defense
Defense Defense Time % Phy DF OF
1 Milan Jurcina Erik Karlsson 40 1 2 2
2 Logan Stephenson Shane Sims 30 1 2 2
3 Patrick Wey Martin Marincin 20 1 2 2
4 Milan Jurcina Erik Karlsson 10 1 2 2
PowerPlay Forward
Center Left Wing Right Wing Time % Phy DF OF
1 Vernon Fiddler Sergei Kostitsyn Stanislav Chistov 60 0 2 3
2 Cody Hodgson Brett Sterling Steven Goertzen 40 0 2 3
PowerPlay Defense
Defense Defense Time % Phy DF OF
1 Milan Jurcina Erik Karlsson 60 0 2 3
2 Logan Stephenson Shane Sims 40 0 2 3
Penalty Kill 4 Players Forward
Center Wing Time % Phy DF OF
1 Vernon Fiddler Stanislav Chistov 60 0 3 2
2 Sergei Kostitsyn Cody Hodgson 40 0 3 2
Penalty Kill 4 Players Defense
Defense Defense Time % Phy DF OF
1 Milan Jurcina Erik Karlsson 60 0 3 2
2 Logan Stephenson Shane Sims 40 0 3 2
Penalty Kill - 3 Players Forward
Forward Time % Phy DF OF
1 Vernon Fiddler 60 0 3 2
2 Stanislav Chistov 40 0 3 2
Penalty Kill - 3 Players Defense
Defense Defense Time % Phy DF OF
1 Milan Jurcina Erik Karlsson 60 0 3 2
2 Logan Stephenson Shane Sims 40 0 3 2
4 vs 4 Forward
Center Wing Time % Phy DF OF
1 Vernon Fiddler Stanislav Chistov 60 1 2 2
2 Sergei Kostitsyn Cody Hodgson 40 1 2 2
4 vs 4 Defense
Defense Defense Time % Phy DF OF
1 Milan Jurcina Erik Karlsson 60 1 2 2
2 Logan Stephenson Shane Sims 40 1 2 2
Last Minutes Offensive
Center Left Wing Right Wing Defense Defense
Vernon Fiddler Sergei Kostitsyn Stanislav Chistov Milan Jurcina Erik Karlsson
Last Minutes Defensive
Center Left Wing Right Wing Defense Defense
Vernon Fiddler Sergei Kostitsyn Stanislav Chistov Milan Jurcina Erik Karlsson
Goaltenders
Starting : Alexander Salak
Backup : Jonas Gustavsson
Extra Forwards
Normal : Jack Skille, Mark Olver, Matt Frattin - PP : Jack Skille, Mark Olver - PK : Matt Frattin
Extra Defensemen
Normal : Patrick Wey, Martin Marincin, Logan Stephenson - PP : Patrick Wey - PK : Martin Marincin, Logan Stephenson
Penalty Shots
Vernon Fiddler, Stanislav Chistov, Sergei Kostitsyn, Cody Hodgson, Steven Goertzen
% Time on Ice - Gangsters
Lines # - Real PCT - Wanted PCT - Time Play
Normal Forward
1 - 34% - 40% - 15:26
2 - 29% - 30% - 13:14
3 - 26% - 20% - 11:54
4 - 12% - 10% - 5:27
Normal Defense
1 - 42% - 40% - 19:18
2 - 29% - 30% - 13:31
3 - 21% - 20% - 9:50
4 - 7% - 10% - 3:22
PP Forward
1 - 50% - 60% - 3:00
2 - 50% - 40% - 2:57
PP Defense
1 - 55% - 60% - 3:16
2 - 45% - 40% - 2:41
PK Forward
1 - 72% - 60% - 5:46
2 - 28% - 40% - 2:16
PK Defense
1 - 59% - 60% - 4:43
2 - 41% - 40% - 3:19
PK3 Forward
1 - 0% - 60%
2 - 0% - 40%
PK3 Defense
1 - 0% - 60%
2 - 0% - 40%
44 Forward
1 - 0% - 60%
2 - 0% - 40%
44 Defense
1 - 0% - 60%
2 - 0% - 40%
Last Minute Offensive - 0:00
Last Minute Defensive - 0:00
Total
Forward - 60:00
Defense - 60:00
|
% Time on Ice - Senators
Lines # - Real PCT - Wanted PCT - Time Play
Normal Forward
1 - 37% - 40% - 17:03
2 - 29% - 30% - 13:32
3 - 19% - 20% - 8:47
4 - 14% - 10% - 6:39
Normal Defense
1 - 40% - 40% - 18:23
2 - 29% - 30% - 13:27
3 - 26% - 20% - 11:55
4 - 5% - 10% - 2:16
PP Forward
1 - 61% - 60% - 4:53
2 - 39% - 40% - 3:09
PP Defense
1 - 72% - 60% - 5:45
2 - 28% - 40% - 2:17
PK Forward
1 - 85% - 60% - 5:05
2 - 15% - 40% - 0:52
PK Defense
1 - 66% - 60% - 3:54
2 - 34% - 40% - 2:03
PK3 Forward
1 - 0% - 60%
2 - 0% - 40%
PK3 Defense
1 - 0% - 60%
2 - 0% - 40%
44 Forward
1 - 0% - 60%
2 - 0% - 40%
44 Defense
1 - 0% - 60%
2 - 0% - 40%
Last Minute Offensive - 0:00
Last Minute Defensive - 0:00
Total
Forward - 60:00
Defense - 60:00
|
Play by Play
1st period
0:01 of 1st period - Alexandre Bolduc wins face-off versus Vernon Fiddler in neutral zone.
0:32 of 1st period - Slapshot by Artem Anisimov.
0:32 of 1st period - Shot Misses the Net.
0:34 of 1st period - Slapshot by Colten Teubert.
0:34 of 1st period - Deflect By Mikko Lehtonen.
0:34 of 1st period - Shot Misses the Net.
0:34 of 1st period - Puck is out of play.
0:35 of 1st period - Ryan Johansen wins face-off versus Nick Bjugstad in Senators zone.
0:42 of 1st period - Wrist shot by Richard Panik.
0:42 of 1st period - Deflect By Curtis McKenzie.
0:42 of 1st period - Shot Misses the Net.
0:42 of 1st period - Puck is out of play.
0:43 of 1st period - Nick Bjugstad wins face-off versus Curtis McKenzie in Senators zone.
0:50 of 1st period - Slapshot by Ryan Johansen.
0:50 of 1st period - Stopped by Alexander Salak with a rebound.
0:52 of 1st period - Wrist shot by Richard Panik.
0:52 of 1st period - Deflect By Logan Stephenson.
0:52 of 1st period - Goal by Richard Panik - Gangsters : 1 - Senators : 0.
0:53 of 1st period - Mark Olver wins face-off versus Maxime Sauvé in neutral zone.
0:58 of 1st period - Snap shot by Mark Olver.
0:58 of 1st period - Shot Misses the Net.
1:14 of 1st period - Minor Penalty to Devante Smith-Pelly for Hooking.
1:15 of 1st period - Alexandre Bolduc wins face-off versus Vernon Fiddler in Gangsters zone.
1:28 of 1st period - Snap shot by Alexandre Bolduc.
1:28 of 1st period - Stopped by Alexander Salak without a rebound.
1:29 of 1st period - Alexandre Bolduc wins face-off versus Vernon Fiddler in Senators zone.
1:42 of 1st period - Snap shot by Stanislav Chistov.
1:42 of 1st period - Goal by Stanislav Chistov - Gangsters : 1 - Senators : 1.
1:43 of 1st period - Vernon Fiddler wins face-off versus Alexandre Bolduc in neutral zone.
2:17 of 1st period - Shane Sims is hit by Artem Anisimov and loses puck.
2:40 of 1st period - Shane Sims is hit by Ryan Johansen and loses puck.
3:28 of 1st period - Off-side.
3:29 of 1st period - Alexandre Bolduc wins face-off versus Cody Hodgson in neutral zone.
3:32 of 1st period - Wrist shot by Maxime Sauvé.
3:32 of 1st period - Shot Blocked by Steven Goertzen.
3:34 of 1st period - Slapshot by Colten Teubert.
3:34 of 1st period - Stopped by Alexander Salak with a rebound.
3:36 of 1st period - Slapshot by Colten Teubert.
3:36 of 1st period - Shot Blocked by Erik Karlsson.
4:00 of 1st period - Brett Sterling is hit by Alexandre Bolduc.
4:12 of 1st period - Snap shot by Maxime Sauvé.
4:12 of 1st period - Shot Blocked by Erik Karlsson.
4:14 of 1st period - Snap shot by Devante Smith-Pelly.
4:14 of 1st period - Stopped by Alexander Salak with a rebound.
4:16 of 1st period - Wrist shot by Alexandre Bolduc.
4:16 of 1st period - Shot Misses the Net.
4:18 of 1st period - Wrist shot by Alexandre Bolduc.
4:18 of 1st period - Shot Misses the Net.
4:20 of 1st period - Wrist shot by Alexandre Bolduc.
4:20 of 1st period - Stopped by Alexander Salak without a rebound.
4:21 of 1st period - Artem Anisimov wins face-off versus Vernon Fiddler in Senators zone.
4:22 of 1st period - Snap shot by Mikko Lehtonen.
4:22 of 1st period - Shot Blocked by Martin Marincin.
4:28 of 1st period - Snap shot by Sergei Kostitsyn.
4:28 of 1st period - Stopped by Dustin Tokarski without a rebound.
4:29 of 1st period - Artem Anisimov wins face-off versus Stanislav Chistov in Gangsters zone.
4:38 of 1st period - Snap shot by Artem Anisimov.
4:38 of 1st period - Stopped by Alexander Salak with a rebound.
5:04 of 1st period - Snap shot by Richard Panik.
5:04 of 1st period - Deflect By Ryan Johansen.
5:04 of 1st period - Shot Misses the Net.
5:04 of 1st period - Puck is out of play.
5:05 of 1st period - Cody Hodgson wins face-off versus Alexandre Bolduc in Senators zone.
5:31 of 1st period - Minor Penalty to Artem Anisimov for Unsportsmanlike conduct.
5:32 of 1st period - Vernon Fiddler wins face-off versus Alexandre Bolduc in Gangsters zone.
5:33 of 1st period - Snap shot by Sergei Kostitsyn.
5:33 of 1st period - Stopped by Dustin Tokarski with a rebound.
7:31 of 1st period - Penalty to Artem Anisimov is over, Artem Anisimov is back on ice.
8:14 of 1st period - Icing by Patrik Nemeth.
8:15 of 1st period - Cody Hodgson wins face-off versus Ryan Johansen in Gangsters zone.
8:20 of 1st period - Snap shot by Cody Hodgson.
8:20 of 1st period - Stopped by Dustin Tokarski with a rebound.
8:38 of 1st period - Mikko Lehtonen is hit by Shane Sims and loses puck.
8:43 of 1st period - Wrist shot by Matt Frattin.
8:43 of 1st period - Deflect By Mark Olver.
8:43 of 1st period - Shot Misses the Net.
8:43 of 1st period - Puck is out of play.
8:44 of 1st period - Vernon Fiddler wins face-off versus Alexandre Bolduc in Gangsters zone.
8:49 of 1st period - Backhand shot by Sergei Kostitsyn.
8:49 of 1st period - Shot Misses the Net.
9:34 of 1st period - Slapshot by Ryan Johansen.
9:34 of 1st period - Stopped by Alexander Salak without a rebound.
9:35 of 1st period - Alexandre Bolduc wins face-off versus Nick Bjugstad in Senators zone.
9:56 of 1st period - Slapshot by Brett Sterling.
9:56 of 1st period - Stopped by Dustin Tokarski without a rebound.
9:57 of 1st period - Vernon Fiddler wins face-off versus Ryan Johansen in Gangsters zone.
9:58 of 1st period - Wrist shot by Sergei Kostitsyn.
9:58 of 1st period - Stopped by Dustin Tokarski with a rebound.
10:02 of 1st period - Slapshot by Vernon Fiddler.
10:02 of 1st period - Goal by Vernon Fiddler - Gangsters : 1 - Senators : 2.
10:03 of 1st period - Alexandre Bolduc wins face-off versus Vernon Fiddler in neutral zone.
10:16 of 1st period - Slapshot by Gustav Nyquist.
10:16 of 1st period - Stopped by Alexander Salak without a rebound.
10:17 of 1st period - Alexandre Bolduc wins face-off versus Vernon Fiddler in Senators zone.
10:47 of 1st period - Wrist shot by Alexandre Bolduc.
10:47 of 1st period - Shot Misses the Net.
10:49 of 1st period - Wrist shot by Artem Anisimov.
10:49 of 1st period - Stopped by Alexander Salak without a rebound.
10:50 of 1st period - Cody Hodgson wins face-off versus Artem Anisimov in Senators zone.
11:31 of 1st period - Snap shot by Cody Hodgson.
11:31 of 1st period - Shot Misses the Net.
11:41 of 1st period - Snap shot by Ryan Johansen.
11:41 of 1st period - Shot Misses the Net.
11:43 of 1st period - Wrist shot by Ryan Johansen.
11:43 of 1st period - Stopped by Alexander Salak with a rebound.
11:45 of 1st period - Slapshot by Matt Delahey.
11:45 of 1st period - Shot Blocked by Shane Sims.
11:47 of 1st period - Wrist shot by Ryan Johansen.
11:47 of 1st period - Stopped by Alexander Salak without a rebound.
11:48 of 1st period - Vernon Fiddler wins face-off versus Alexandre Bolduc in Senators zone.
12:14 of 1st period - Erik Karlsson is hit by Luke Gazdic and loses puck.
12:21 of 1st period - Snap shot by Artem Anisimov.
12:21 of 1st period - Shot Blocked by Erik Karlsson.
12:23 of 1st period - Wrist shot by Artem Anisimov.
12:23 of 1st period - Stopped by Alexander Salak without a rebound.
12:24 of 1st period - Vernon Fiddler wins face-off versus Artem Anisimov in Senators zone.
12:33 of 1st period - Wrist shot by Sergei Kostitsyn.
12:33 of 1st period - Shot Blocked by Brett Ponich.
12:35 of 1st period - Snap shot by Sergei Kostitsyn.
12:35 of 1st period - Stopped by Dustin Tokarski without a rebound.
12:36 of 1st period - Vernon Fiddler wins face-off versus Alexandre Bolduc in Gangsters zone.
12:55 of 1st period - Minor Penalty to Colten Teubert for Holding.
12:56 of 1st period - Vernon Fiddler wins face-off versus Alexandre Bolduc in Gangsters zone.
13:08 of 1st period - Wrist shot by Stanislav Chistov.
13:08 of 1st period - Goal by Stanislav Chistov - Gangsters : 1 - Senators : 3.
13:09 of 1st period - Stanislav Chistov wins face-off versus Alexandre Bolduc in neutral zone.
13:12 of 1st period - Wrist shot by Stanislav Chistov.
13:12 of 1st period - Shot Misses the Net.
13:35 of 1st period - Milan Jurcina is hit by Artem Anisimov and loses puck.
13:42 of 1st period - Slapshot by Erik Karlsson.
13:42 of 1st period - Shot Blocked by Mikko Lehtonen.
13:44 of 1st period - Slapshot by Steven Goertzen.
13:44 of 1st period - Goal by Steven Goertzen - Gangsters : 1 - Senators : 4.
13:44 of 1st period - Brad Thiessen enters game.
13:45 of 1st period - Vernon Fiddler wins face-off versus Alexandre Bolduc in neutral zone.
14:10 of 1st period - Michael Sdao is hit by Nick Bjugstad and loses puck.
15:11 of 1st period - Snap shot by Alexandre Bolduc.
15:11 of 1st period - Shot Blocked by Logan Stephenson.
15:33 of 1st period - Wrist shot by Sergei Kostitsyn.
15:33 of 1st period - Shot Misses the Net.
15:35 of 1st period - Slapshot by Logan Stephenson.
15:35 of 1st period - Shot Blocked by Colten Teubert.
15:37 of 1st period - Wrist shot by Vernon Fiddler.
15:37 of 1st period - Shot Misses the Net.
16:13 of 1st period - Mikko Lehtonen is hit by Steven Goertzen and loses puck.
16:36 of 1st period - Minor Penalty to Nick Bjugstad for Slashing.
16:37 of 1st period - Alexandre Bolduc wins face-off versus Vernon Fiddler in Senators zone.
16:42 of 1st period - Snap shot by Gustav Nyquist.
16:42 of 1st period - Stopped by Alexander Salak without a rebound.
16:43 of 1st period - Vernon Fiddler wins face-off versus Alexandre Bolduc in Senators zone.
17:16 of 1st period - Slapshot by Mikko Lehtonen.
17:16 of 1st period - Stopped by Alexander Salak with a rebound.
17:18 of 1st period - Slapshot by Colten Teubert.
17:18 of 1st period - Shot Misses the Net.
18:16 of 1st period - Shaun Heska is hit by Cody Hodgson and loses puck.
18:36 of 1st period - Penalty to Nick Bjugstad is over, Nick Bjugstad is back on ice.
19:12 of 1st period - Ryan Johansen is hit by Matt Frattin and loses puck.
19:41 of 1st period - Stanislav Chistov is hit by Matt Delahey and loses puck.
19:56 of 1st period - Gustav Nyquist is hit by Matt Frattin and loses puck.
Goals for this period are 1 for Gangsters vs 4 for Senators.
Shots for this period are 15 for Gangsters vs 10 for Senators.
2nd period
0:01 of 2nd period - Alexandre Bolduc wins face-off versus Vernon Fiddler in neutral zone.
1:12 of 2nd period - Snap shot by Milan Jurcina.
1:12 of 2nd period - Shot Blocked by Patrik Nemeth.
1:14 of 2nd period - Snap shot by Brett Sterling.
1:14 of 2nd period - Stopped by Brad Thiessen without a rebound.
1:15 of 2nd period - Vernon Fiddler wins face-off versus Alexandre Bolduc in Gangsters zone.
1:16 of 2nd period - Snap shot by Sergei Kostitsyn.
1:16 of 2nd period - Shot Blocked by Shaun Heska.
1:18 of 2nd period - Wrist shot by Vernon Fiddler.
1:18 of 2nd period - Shot Misses the Net.
1:20 of 2nd period - Wrist shot by Stanislav Chistov.
1:20 of 2nd period - Stopped by Brad Thiessen with a rebound.
1:22 of 2nd period - Snap shot by Vernon Fiddler.
1:22 of 2nd period - Shot Misses the Net.
1:30 of 2nd period - Slapshot by Vernon Fiddler.
1:30 of 2nd period - Stopped by Brad Thiessen without a rebound.
1:31 of 2nd period - Cody Hodgson wins face-off versus Artem Anisimov in Gangsters zone.
1:58 of 2nd period - Shaun Heska is hit by Vernon Fiddler and loses puck.
2:21 of 2nd period - Slapshot by Shane Sims.
2:21 of 2nd period - Shot Misses the Net.
2:23 of 2nd period - Wrist shot by Jack Skille.
2:23 of 2nd period - Shot Misses the Net.
2:25 of 2nd period - Snap shot by Brett Sterling.
2:25 of 2nd period - Stopped by Brad Thiessen without a rebound.
2:26 of 2nd period - Artem Anisimov wins face-off versus Vernon Fiddler in Gangsters zone.
2:26 of 2nd period - Artem Anisimov is hit by Stanislav Chistov.
2:33 of 2nd period - Minor Penalty to Luke Gazdic for High sticking.
2:34 of 2nd period - Vernon Fiddler wins face-off versus Alexandre Bolduc in Gangsters zone.
2:41 of 2nd period - Wrist shot by Vernon Fiddler.
2:41 of 2nd period - Deflect By Stanislav Chistov.
2:41 of 2nd period - Goal by Stanislav Chistov - Gangsters : 1 - Senators : 5.
2:42 of 2nd period - Alexandre Bolduc wins face-off versus Vernon Fiddler in neutral zone.
2:45 of 2nd period - Slapshot by Shaun Heska.
2:45 of 2nd period - Deflect By Alexandre Bolduc.
2:45 of 2nd period - Shot Misses the Net.
2:45 of 2nd period - Puck is out of play.
2:46 of 2nd period - Vernon Fiddler wins face-off versus Alexandre Bolduc in Senators zone.
2:56 of 2nd period - Snap shot by Vernon Fiddler.
2:56 of 2nd period - Stopped by Brad Thiessen without a rebound.
2:57 of 2nd period - Vernon Fiddler wins face-off versus Alexandre Bolduc in Gangsters zone.
3:02 of 2nd period - Snap shot by Sergei Kostitsyn.
3:02 of 2nd period - Shot Misses the Net.
3:24 of 2nd period - Icing by Luke Gazdic.
3:25 of 2nd period - Artem Anisimov wins face-off versus Cody Hodgson in Gangsters zone.
3:38 of 2nd period - Snap shot by Cody Hodgson.
3:38 of 2nd period - Stopped by Brad Thiessen with a rebound.
3:40 of 2nd period - Snap shot by Jaden Schwartz.
3:40 of 2nd period - Goal by Jaden Schwartz - Gangsters : 1 - Senators : 6.
3:41 of 2nd period - Vernon Fiddler wins face-off versus Alexandre Bolduc in neutral zone.
3:44 of 2nd period - Wrist shot by Vernon Fiddler.
3:44 of 2nd period - Stopped by Brad Thiessen with a rebound.
5:02 of 2nd period - Snap shot by Mikko Lehtonen.
5:02 of 2nd period - Deflect By Luke Gazdic.
5:02 of 2nd period - Stopped by Alexander Salak without a rebound.
5:03 of 2nd period - Cody Hodgson wins face-off versus Artem Anisimov in Senators zone.
5:10 of 2nd period - Snap shot by Steven Goertzen.
5:10 of 2nd period - Stopped by Brad Thiessen without a rebound.
5:11 of 2nd period - Cody Hodgson wins face-off versus Artem Anisimov in Gangsters zone.
5:18 of 2nd period - Wrist shot by Jaden Schwartz.
5:18 of 2nd period - Shot Misses the Net.
5:26 of 2nd period - Snap shot by Mikko Lehtonen.
5:26 of 2nd period - Shot Misses the Net.
5:56 of 2nd period - Slapshot by Matt Frattin.
5:56 of 2nd period - Shot Misses the Net.
5:58 of 2nd period - Slapshot by Mark Olver.
5:58 of 2nd period - Shot Misses the Net.
6:00 of 2nd period - Slapshot by Shane Sims.
6:00 of 2nd period - Deflect By Matt Frattin.
6:00 of 2nd period - Stopped by Brad Thiessen with a rebound.
6:02 of 2nd period - Wrist shot by Matt Frattin.
6:02 of 2nd period - Stopped by Brad Thiessen without a rebound.
6:03 of 2nd period - Mark Olver wins face-off versus Artem Anisimov in Gangsters zone.
6:28 of 2nd period - Colten Teubert is hit by Stanislav Chistov.
6:53 of 2nd period - Icing by Richard Panik.
6:54 of 2nd period - Nick Bjugstad wins face-off versus Richard Panik in Gangsters zone.
7:07 of 2nd period - Snap shot by Richard Panik.
7:07 of 2nd period - Deflect By Ryan Johansen.
7:07 of 2nd period - Stopped by Alexander Salak with a rebound.
7:09 of 2nd period - Slapshot by Brett Ponich.
7:09 of 2nd period - Stopped by Alexander Salak with a rebound.
7:11 of 2nd period - Slapshot by Curtis McKenzie.
7:11 of 2nd period - Shot Blocked by Logan Stephenson.
7:17 of 2nd period - Slapshot by Richard Panik.
7:17 of 2nd period - Shot Misses the Net.
7:19 of 2nd period - Slapshot by Brett Ponich.
7:19 of 2nd period - Deflect By Richard Panik.
7:19 of 2nd period - Shot Hit the Post.
7:19 of 2nd period - Puck is out of play.
7:20 of 2nd period - Sergei Kostitsyn wins face-off versus Alexandre Bolduc in Senators zone.
7:25 of 2nd period - Backhand shot by Milan Jurcina.
7:25 of 2nd period - Stopped by Brad Thiessen without a rebound.
7:26 of 2nd period - Alexandre Bolduc wins face-off versus Vernon Fiddler in Gangsters zone.
8:47 of 2nd period - Snap shot by Alexandre Bolduc.
8:47 of 2nd period - Shot Misses the Net.
8:49 of 2nd period - Slapshot by Matt Delahey.
8:49 of 2nd period - Shot Blocked by Patrick Wey.
8:51 of 2nd period - Slapshot by Alexandre Bolduc.
8:51 of 2nd period - Stopped by Alexander Salak with a rebound.
9:47 of 2nd period - Snap shot by Jack Skille.
9:47 of 2nd period - Shot Blocked by Curtis McKenzie.
9:49 of 2nd period - Snap shot by Brett Sterling.
9:49 of 2nd period - Shot Misses the Net.
9:51 of 2nd period - Slapshot by Jack Skille.
9:51 of 2nd period - Shot Misses the Net.
10:09 of 2nd period - Mikko Lehtonen is hit by Erik Karlsson and loses puck.
10:45 of 2nd period - Off-side.
10:46 of 2nd period - Vernon Fiddler wins face-off versus Artem Anisimov in neutral zone.
10:51 of 2nd period - Snap shot by Vernon Fiddler.
10:51 of 2nd period - Deflect By Sergei Kostitsyn.
10:51 of 2nd period - Shot Blocked by Mikko Lehtonen.
10:51 of 2nd period - Puck is out of play.
10:52 of 2nd period - Sergei Kostitsyn wins face-off versus Artem Anisimov in Gangsters zone.
11:14 of 2nd period - Snap shot by Artem Anisimov.
11:14 of 2nd period - Shot Blocked by Steven Goertzen.
11:16 of 2nd period - Wrist shot by Luke Gazdic.
11:16 of 2nd period - Stopped by Alexander Salak with a rebound.
11:18 of 2nd period - Slapshot by Patrik Nemeth.
11:18 of 2nd period - Shot Misses the Net.
11:26 of 2nd period - Slapshot by Artem Anisimov.
11:26 of 2nd period - Stopped by Alexander Salak without a rebound.
11:27 of 2nd period - Vernon Fiddler wins face-off versus Alexandre Bolduc in Senators zone.
11:54 of 2nd period - Cody Hodgson is hit by Curtis McKenzie.
11:58 of 2nd period - Slapshot by Erik Karlsson.
11:58 of 2nd period - Stopped by Brad Thiessen without a rebound.
11:59 of 2nd period - Ryan Johansen wins face-off versus Cody Hodgson in Gangsters zone.
11:59 of 2nd period - Patrick Wey and Matt Delahey fight to a draw.
11:59 of 2nd period - Penalty to Patrick Wey for Fighting.
11:59 of 2nd period - Penalty to Matt Delahey for Fighting.
12:00 of 2nd period - Vernon Fiddler wins face-off versus Alexandre Bolduc in Gangsters zone.
12:43 of 2nd period - Minor Penalty to Luke Gazdic for Cross-checking.
12:44 of 2nd period - Alexandre Bolduc wins face-off versus Vernon Fiddler in Gangsters zone.
13:48 of 2nd period - Icing by Steven Goertzen.
13:49 of 2nd period - Cody Hodgson wins face-off versus Artem Anisimov in Senators zone.
14:43 of 2nd period - Penalty to Luke Gazdic is over, Luke Gazdic is back on ice.
15:02 of 2nd period - Wrist shot by Matt Frattin.
15:02 of 2nd period - Shot Misses the Net.
15:52 of 2nd period - Michael Sdao is hit by Erik Karlsson.
16:01 of 2nd period - Wrist shot by Maxime Sauvé.
16:01 of 2nd period - Shot Misses the Net.
16:13 of 2nd period - Michael Sdao is hit by Mark Olver and loses puck.
16:18 of 2nd period - Wrist shot by Matt Frattin.
16:18 of 2nd period - Stopped by Brad Thiessen with a rebound.
16:20 of 2nd period - Slapshot by Milan Jurcina.
16:20 of 2nd period - Stopped by Brad Thiessen without a rebound.
16:21 of 2nd period - Vernon Fiddler wins face-off versus Curtis McKenzie in Gangsters zone.
16:28 of 2nd period - Vernon Fiddler is hit by Brett Ponich and loses puck.
16:37 of 2nd period - Snap shot by Richard Panik.
16:37 of 2nd period - Stopped by Alexander Salak with a rebound.
16:47 of 2nd period - Brett Ponich is hit by Steven Goertzen and loses puck.
17:15 of 2nd period - Brett Sterling is hit by Mikko Lehtonen and loses puck.
17:30 of 2nd period - Wrist shot by Dylan Hunter.
17:30 of 2nd period - Shot Blocked by Patrik Nemeth.
17:32 of 2nd period - Snap shot by Dylan Hunter.
17:32 of 2nd period - Shot Blocked by Curtis McKenzie.
17:34 of 2nd period - Wrist shot by Mark Olver.
17:34 of 2nd period - Shot Misses the Net.
18:07 of 2nd period - Wrist shot by Artem Anisimov.
18:07 of 2nd period - Stopped by Alexander Salak without a rebound.
18:08 of 2nd period - Artem Anisimov wins face-off versus Cody Hodgson in Senators zone.
18:09 of 2nd period - Wrist shot by Mikko Lehtonen.
18:09 of 2nd period - Shot Misses the Net.
18:13 of 2nd period - Slapshot by Mikko Lehtonen.
18:13 of 2nd period - Shot Blocked by Jaden Schwartz.
18:15 of 2nd period - Wrist shot by Luke Gazdic.
18:15 of 2nd period - Stopped by Alexander Salak without a rebound.
18:16 of 2nd period - Cody Hodgson wins face-off versus Alexandre Bolduc in Senators zone.
18:16 of 2nd period - Cody Hodgson is hit by Colten Teubert.
18:27 of 2nd period - Snap shot by Alexandre Bolduc.
18:27 of 2nd period - Shot Misses the Net.
18:33 of 2nd period - Dave Dziurzynski is hit by Patrick Wey and loses puck.
18:52 of 2nd period - Slapshot by Jaden Schwartz.
18:52 of 2nd period - Shot Misses the Net.
19:10 of 2nd period - Snap shot by Jaden Schwartz.
19:10 of 2nd period - Goal by Jaden Schwartz - Gangsters : 1 - Senators : 7.
19:11 of 2nd period - Vernon Fiddler wins face-off versus Artem Anisimov in neutral zone.
19:36 of 2nd period - Milan Jurcina is hit by Curtis McKenzie and loses puck.
19:45 of 2nd period - Slapshot by Ryan Johansen.
19:45 of 2nd period - Shot Misses the Net.
Goals for this period are 0 for Gangsters vs 3 for Senators.
Shots for this period are 9 for Gangsters vs 17 for Senators.
3rd period
0:01 of 3rd period - Alexandre Bolduc wins face-off versus Vernon Fiddler in neutral zone.
0:09 of 3rd period - Slapshot by Milan Jurcina.
0:09 of 3rd period - Stopped by Brad Thiessen without a rebound.
0:10 of 3rd period - Alexandre Bolduc wins face-off versus Vernon Fiddler in Gangsters zone.
0:17 of 3rd period - Snap shot by Erik Karlsson.
0:17 of 3rd period - Shot Blocked by Matt Delahey.
0:19 of 3rd period - Slapshot by Stanislav Chistov.
0:19 of 3rd period - Stopped by Brad Thiessen with a rebound.
0:21 of 3rd period - Wrist shot by Sergei Kostitsyn.
0:21 of 3rd period - Stopped by Brad Thiessen with a rebound.
0:23 of 3rd period - Snap shot by Vernon Fiddler.
0:23 of 3rd period - Goal by Vernon Fiddler - Gangsters : 1 - Senators : 8.
0:24 of 3rd period - Vernon Fiddler wins face-off versus Alexandre Bolduc in neutral zone.
0:50 of 3rd period - Luke Gazdic is hit by Shane Sims and loses puck.
1:20 of 3rd period - Minor Penalty to Milan Jurcina for Tripping.
1:21 of 3rd period - Vernon Fiddler wins face-off versus Alexandre Bolduc in Senators zone.
1:48 of 3rd period - Erik Karlsson is hit by Artem Anisimov and loses puck.
2:25 of 3rd period - Sergei Kostitsyn is hit by Mikko Lehtonen and loses puck.
2:55 of 3rd period - Artem Anisimov is hit by Logan Stephenson and loses puck.
3:20 of 3rd period - Penalty to Milan Jurcina is over, Milan Jurcina is back on ice.
3:31 of 3rd period - Wrist shot by Richard Panik.
3:31 of 3rd period - Stopped by Alexander Salak with a rebound.
3:33 of 3rd period - Slapshot by Brett Ponich.
3:33 of 3rd period - Shot Misses the Net.
3:35 of 3rd period - Wrist shot by Ryan Johansen.
3:35 of 3rd period - Shot Misses the Net.
3:37 of 3rd period - Snap shot by Ryan Johansen.
3:37 of 3rd period - Shot Misses the Net.
3:47 of 3rd period - Jaden Schwartz is hit by Alexandre Bolduc and loses puck.
4:08 of 3rd period - Cody Hodgson is hit by Devante Smith-Pelly and loses puck.
4:18 of 3rd period - Icing by Colten Teubert.
4:19 of 3rd period - Nick Bjugstad wins face-off versus Dave Dziurzynski in Gangsters zone.
5:20 of 3rd period - Gustav Nyquist is hit by Milan Jurcina and loses puck.
5:31 of 3rd period - Slapshot by Matt Delahey.
5:31 of 3rd period - Deflect By Shane Sims.
5:31 of 3rd period - Stopped by Alexander Salak with a rebound.
5:33 of 3rd period - Snap shot by Ryan Johansen.
5:33 of 3rd period - Deflect By Curtis McKenzie.
5:33 of 3rd period - Stopped by Alexander Salak without a rebound.
5:34 of 3rd period - Cody Hodgson wins face-off versus Ryan Johansen in Senators zone.
6:01 of 3rd period - Shane Sims is hit by Mikko Lehtonen and loses puck.
6:22 of 3rd period - Snap shot by Alexandre Bolduc.
6:22 of 3rd period - Stopped by Alexander Salak without a rebound.
6:23 of 3rd period - Gustav Nyquist wins face-off versus Vernon Fiddler in Senators zone.
6:36 of 3rd period - Wrist shot by Dave Dziurzynski.
6:36 of 3rd period - Stopped by Alexander Salak with a rebound.
6:48 of 3rd period - Logan Stephenson is hit by Mikko Lehtonen.
6:58 of 3rd period - Snap shot by Cody Hodgson.
6:58 of 3rd period - Goal by Cody Hodgson - Gangsters : 1 - Senators : 9.
6:58 of 3rd period - Dustin Tokarski enters game.
6:59 of 3rd period - Vernon Fiddler wins face-off versus Alexandre Bolduc in neutral zone.
7:24 of 3rd period - Colten Teubert is hit by Brett Sterling and loses puck.
7:35 of 3rd period - Wrist shot by Nick Bjugstad.
7:35 of 3rd period - Deflect By Jack Skille.
7:35 of 3rd period - Shot Misses the Net.
7:35 of 3rd period - Puck is out of play.
7:36 of 3rd period - Luke Gazdic wins face-off versus Vernon Fiddler in Gangsters zone.
8:27 of 3rd period - Slapshot by Shaun Heska.
8:27 of 3rd period - Shot Blocked by Jack Skille.
9:23 of 3rd period - Snap shot by Jaden Schwartz.
9:23 of 3rd period - Stopped by Dustin Tokarski without a rebound.
9:24 of 3rd period - Ryan Johansen wins face-off versus Cody Hodgson in Gangsters zone.
9:47 of 3rd period - Cody Hodgson is hit by Matt Delahey and loses puck.
9:56 of 3rd period - Snap shot by Richard Panik.
9:56 of 3rd period - Shot Blocked by Patrick Wey.
10:02 of 3rd period - Snap shot by Richard Panik.
10:02 of 3rd period - Shot Misses the Net.
10:10 of 3rd period - Wrist shot by Richard Panik.
10:10 of 3rd period - Stopped by Alexander Salak with a rebound.
10:16 of 3rd period - Slapshot by Steven Goertzen.
10:16 of 3rd period - Shot Misses the Net.
10:18 of 3rd period - Snap shot by Patrick Wey.
10:18 of 3rd period - Shot Blocked by Curtis McKenzie.
10:22 of 3rd period - Snap shot by Jaden Schwartz.
10:22 of 3rd period - Shot Misses the Net.
10:24 of 3rd period - Wrist shot by Steven Goertzen.
10:24 of 3rd period - Shot Misses the Net.
10:26 of 3rd period - Snap shot by Patrick Wey.
10:26 of 3rd period - Shot Misses the Net.
10:28 of 3rd period - Slapshot by Patrick Wey.
10:28 of 3rd period - Shot Misses the Net.
10:30 of 3rd period - Snap shot by Cody Hodgson.
10:30 of 3rd period - Shot Misses the Net.
10:32 of 3rd period - Snap shot by Jaden Schwartz.
10:32 of 3rd period - Shot Blocked by Curtis McKenzie.
10:34 of 3rd period - Snap shot by Cody Hodgson.
10:34 of 3rd period - Shot Misses the Net.
10:36 of 3rd period - Slapshot by Patrick Wey.
10:36 of 3rd period - Deflect By Cody Hodgson.
10:36 of 3rd period - Shot Blocked by Colten Teubert.
10:36 of 3rd period - Puck is out of play.
10:37 of 3rd period - Vernon Fiddler wins face-off versus Alexandre Bolduc in Gangsters zone.
11:11 of 3rd period - Slapshot by Artem Anisimov.
11:11 of 3rd period - Shot Misses the Net.
11:29 of 3rd period - Wrist shot by Dylan Hunter.
11:29 of 3rd period - Shot Misses the Net.
12:01 of 3rd period - Shaun Heska is hit by Jack Skille.
12:15 of 3rd period - Slapshot by Vernon Fiddler.
12:15 of 3rd period - Shot Misses the Net.
12:31 of 3rd period - Shaun Heska is hit by Logan Stephenson and loses puck.
12:45 of 3rd period - Minor Penalty to Vernon Fiddler for Slashing.
12:46 of 3rd period - Artem Anisimov wins face-off versus Matt Frattin in Senators zone.
12:46 of 3rd period - Slapshot by Mikko Lehtonen.
12:46 of 3rd period - Shot Misses the Net.
13:50 of 3rd period - Nick Bjugstad is hit by Dave Dziurzynski and loses puck.
14:43 of 3rd period - Colten Teubert is hit by Dylan Hunter and loses puck.
14:45 of 3rd period - Penalty to Vernon Fiddler is over, Vernon Fiddler is back on ice.
15:00 of 3rd period - Richard Panik is hit by Steven Goertzen and loses puck.
15:42 of 3rd period - Minor Penalty to Phil McRae for Holding.
15:43 of 3rd period - Vernon Fiddler wins face-off versus Alexandre Bolduc in Gangsters zone.
15:52 of 3rd period - Snap shot by Sergei Kostitsyn.
15:52 of 3rd period - Stopped by Dustin Tokarski with a rebound.
15:54 of 3rd period - Wrist shot by Milan Jurcina.
15:54 of 3rd period - Shot Misses the Net.
16:14 of 3rd period - Slapshot by Logan Stephenson.
16:14 of 3rd period - Stopped by Dustin Tokarski with a rebound.
16:16 of 3rd period - Slapshot by Brett Sterling.
16:16 of 3rd period - Deflect By Steven Goertzen.
16:16 of 3rd period - Shot Blocked by Michael Sdao.
16:16 of 3rd period - Puck is out of play.
16:17 of 3rd period - Artem Anisimov wins face-off versus Vernon Fiddler in Gangsters zone.
16:22 of 3rd period - Slapshot by Shaun Heska.
16:22 of 3rd period - Shot Misses the Net.
16:24 of 3rd period - Slapshot by Shaun Heska.
16:24 of 3rd period - Stopped by Alexander Salak without a rebound.
16:25 of 3rd period - Alexandre Bolduc wins face-off versus Vernon Fiddler in Senators zone.
16:58 of 3rd period - Snap shot by Erik Karlsson.
16:58 of 3rd period - Deflect By Steven Goertzen.
16:58 of 3rd period - Goal by Steven Goertzen - Gangsters : 1 - Senators : 10.
16:59 of 3rd period - Alexandre Bolduc wins face-off versus Vernon Fiddler in neutral zone.
17:11 of 3rd period - Wrist shot by Sergei Kostitsyn.
17:11 of 3rd period - Stopped by Dustin Tokarski without a rebound.
17:12 of 3rd period - Vernon Fiddler wins face-off versus Alexandre Bolduc in Gangsters zone.
17:27 of 3rd period - Wrist shot by Vernon Fiddler.
17:27 of 3rd period - Stopped by Dustin Tokarski with a rebound.
17:29 of 3rd period - Minor Penalty to Matt Delahey for Roughing.
17:30 of 3rd period - Alexandre Bolduc wins face-off versus Vernon Fiddler in Gangsters zone.
17:40 of 3rd period - Off-side.
17:41 of 3rd period - Vernon Fiddler wins face-off versus Alexandre Bolduc in neutral zone.
19:14 of 3rd period - Icing by Erik Karlsson.
19:15 of 3rd period - Alexandre Bolduc wins face-off versus Vernon Fiddler in Senators zone.
19:29 of 3rd period - Penalty to Matt Delahey is over, Matt Delahey is back on ice.
Goals for this period are 0 for Gangsters vs 3 for Senators.
Shots for this period are 7 for Gangsters vs 11 for Senators.
Back to the Top